 Dungeon Crawl Stone Soup version 0.21-a0-498-g1b60429 (webtiles) character file.

59 mortelune the Skirmisher (level 4, 0/30 HPs)
             Began as a Gargoyle Fighter on Nov 24, 2017.
             Killed from afar by Natasha (4 damage)
             ... with a magic dart
             ... on level 2 of the Dungeon.
             The game lasted 00:05:27 (1359 turns).

mortelune the Skirmisher (Gargoyle Fighter)         Turns: 1359, Time: 00:05:28

Health: 0/30       AC: 11    Str: 20    XL:     4   Next: 3%
Magic:  0/4        EV:  7    Int:  9    God:
Gold:   107        SH:  9    Dex:  9    Spells: 3/3 levels left

rFire    . . .     SeeInvis .   a - +0 flail
rCold    . . .     Gourm    .   c - +0 shield
rNeg     + . .     Faith    .   b - +0 scale mail
rPois    ∞         Spirit   +   j - +0 helmet
rElec    +         Reflect  .   (no cloak)
rCorr    .         Harm     .   (no gloves)
MR       .....                  (no boots)
Stlth    ..........             g - amulet of guardian spirit
HPRegen  0.10/turn              (no ring)
MPRegen  0.09/turn              (no ring)

@: hasted, very quick
A: negative energy resistance 1, electricity resistance, unbreathing,
petrification resistance, rot immunity, AC +3
a: no special abilities


You were on level 2 of the Dungeon.
You were hungry.

You visited 1 branch of the dungeon, and saw 2 of its levels.

You collected 107 gold pieces.

Inventory:

Hand Weapons
 a - a +0 flail (weapon)
Missiles
 k - 20 sling bullets
 o - 17 stones (quivered)
Armour
 b - a +0 scale mail (worn)
 c - a +0 shield (worn)
 j - a +0 helmet (worn)
Jewellery
 g - an amulet of guardian spirit (around neck)
Scrolls
 h - a scroll of noise
 i - 2 scrolls of identify
 l - a scroll of remove curse {unknown}
 s - a scroll of teleportation {unknown}
 t - a scroll of immolation {unknown}
Potions
 d - a potion of might
 e - 2 potions of flight
 m - a potion of mutation
 q - 2 potions of ambrosia
Comestibles
 f - 4 bread rations
 n - a meat ration
 r - a royal jelly


   Skills:
 + Level 4.3 Fighting
 + Level 3.2 Maces & Flails
 - Level 3.2 Armour
 - Level 3.2 Shields


You had 3 spell levels left.
You didn't know any spells.

Dungeon Overview and Level Annotations

Branches:
Dungeon (2/15)

Altars:

Annotations:
D:2 Natasha


Innate Abilities, Weirdness & Mutations

You are resistant to torment.
Your stone body is resilient. (AC +3)
You are immune to poison.
You resist negative energy. (rN+)
You are resistant to electric shocks. (rElec)
You can survive without breathing.
You are immune to petrification.
You are immune to rotting.


Message History

Natasha barely misses you.
You barely miss Natasha.
Natasha is severely wounded.
The ice beast hits you but does no damage.
Natasha claws you but does no damage. You block the ice beast's attack.
You hit Natasha.
Natasha is almost dead.
Natasha casts a spell at you. The magic dart hits you!
* * * LOW HITPOINT WARNING * * *
The ice beast hits you but does no damage.
Okay, then.
You feel yourself speed up. Natasha barely misses you.
The ice beast hits you but does no damage.
Natasha stares at you and mumbles some strange words.
The magic dart hits you!
* * * LOW HITPOINT WARNING * * *
Natasha casts a spell at you. The magic dart hits you!
You die...

########
#.........###.........
#.....##....#.........
#.....# #.#.##########
#.†...# #.#.# #
#.....# #.#.#### #
#..h..###....... #
##...Y......####### #
#....................
#...@................
#....................
#...................?
#########............
#............
#.............
#..........
#..........
#..........


You could see an ice beast and Natasha.

Vanquished Creatures
  Natasha (D:2)
  An ooze (D:1)
  5 bats
  5 giant cockroaches
  5 goblins
  2 hobgoblins (D:1)
  A quokka (D:2)
  6 frilled lizards
  4 kobolds
  A rat (D:1)
31 creatures vanquished.

Notes
Turn   | Place    | Note
-------+----------+-------------------------------------------
     0 | D:1      | mortelune the Gargoyle Fighter began the quest for the Orb.
     0 | D:1      | Reached XP level 1. HP: 14/14 MP: 1/1
   332 | D:1      | Reached XP level 2. HP: 18/19 MP: 0/2
   980 | D:2      | Reached XP level 3. HP: 24/24 MP: 3/3
   995 | D:2      | Reached skill level 4 in Fighting
  1002 | D:2      | Noticed an ice beast
  1300 | D:2      | Noticed Natasha
  1313 | D:2      | Killed Natasha
  1313 | D:2      | Reached XP level 4. HP: 27/30 MP: 2/4
  1343 | D:2      | Noticed Natasha
  1359 | D:2      | Killed from afar by Natasha

Vault maps used:
D:1:      dpeg_arrival_more_subterranean_lakeside_camping
D:2:      st_stairs_11, serial_bayou_pond_e, uniq_natasha

Skill      XL: |  1  2  3 |
---------------+----------+-----
Fighting       | 4 |  4.3
Maces & Flails | 3 |  3.2
Armour         | |  3.2
Shields        | |  3.2

Action                   |  1- 3 |  4- 6 || total
-------------------------+-------+-------++-------
Melee: Flail             |   139 |    14 ||   153
  Use: Scroll            |     5 |       ||     5
       Potion            |       |     1 ||     1
  Eat: Chunk             |     1 |       ||     1
Armor: Scale mail        |   103 |    17 ||   120
Dodge: Dodged            |    66 |    11 ||    77
Block: Shield            |   104 |     8 ||   112

Table legend:
 A = Spawn XP
 B = Non-spawn XP
 C = Spawn XP percentage of total XP
 D = Spawn monster count
 E = Non-spawn monster count
 F = Spawn count percentage of total count
 G = Total turns spent on level
                    A         B        C        D         E        F      G
               +---------+---------+-------+---------+---------+-------+---------
         Total |       0 |      85 |   0.0 |       0 |      31 |   0.0 |  1359
               +---------+---------+-------+---------+---------+-------+---------
           D:1 |       0 |      30 |   0.0 |       0 |      17 |   0.0 |   952
           D:2 |       0 |      55 |   0.0 |       0 |      14 |   0.0 |   407
               +---------+---------+-------+---------+---------+-------+---------
